cohdb
Replays
Latest Replays
All Replays
Popular Replays
Top Player Replays
Match Explorer
How It Works
Community
CoH3 Stats
Reddit
Sign in to upload your games and track your stats! →
Sign in with Steam
Match 42289758
Unlisted
Match 42289758
Overview
Messages
Build Orders
End
Royal Engineer Section
Vickers Machine Gun Team
Construct Section Command Post
Selects Heavy Armor Battlegroup
Dingo Light Scout Car
Infantry Section
Selects Rigorous Vehicle Training
Infantry Section
Construct Platoon Command Post
Humber Armored Car
Grenade Package
Selects Forward Repair Assembly
Construct Company Command Post
Selects UNKNOWN (2162094)
Selects Light Vehicle Withdraw and Refit
Selects Radio Net
Selects Recon Artillery
Recon Artillery
Churchill IV Heavy Tank
Foot Guards Section
Armored Vehicle Training
CMP 15cwt Truck
Churchill IV Heavy Tank
Recon Artillery
Churchill IV Heavy Tank
Etgo
Hk
Jarkke
Lobby Lobster
TonGGien
OCTAVOR1
0
0
Comments
sign in to comment!
No comments posted yet!